 Dungeon Crawl Stone Soup version 0.21.1-1-g345015f (webtiles) character file.

83944 grindst0ne the Fighter (level 15, -2/132 HPs)
             Began as a Demonspawn Chaos Knight on Mar 4, 2018.
             Killed from afar by a wizard (59 damage)
             ... with a crystal spear
             ... on level 13 of the Dungeon.
             The game lasted 01:01:32 (20942 turns).

grindst0ne the Fighter (Demonspawn Chaos Knight)   Turns: 20942, Time: 01:01:32

Health: -2/132     AC: 22    Str: 19    XL:     15   Next: 33%
Magic:  21/21      EV: 10    Int: 16    God:    Xom [...*..]
Gold:   1041       SH:  4    Dex: 14    Spells: 14/14 levels left

rFire    . . .     SeeInvis +   L - +0 battleaxe
rCold    . . .     Gourm    .   (shield currently unavailable)
rNeg     + . .     Faith    .   p - +0 plate armour
rPois    +         Spirit   .   (helmet unavailable)
rElec    .         Reflect  +   n - +0 cloak
rCorr    .         Harm     .   (no gloves)
MR       +....     Clarity  +   (no boots)
Stlth    ..........             B - +4 amulet of reflection
HPRegen  0.72/turn              t - ring of poison resistance
MPRegen  0.17/turn              M - ring of positive energy

@: cleaving, slowed, very slow
A: hooves 2, horns 3, rugged brown scales 3, see invisible, clarity, clever 1,
high mp 1, nightstalker 1, regeneration 1, shaggy fur 2, strong 1
a: Renounce Religion


You were on level 13 of the Dungeon.
You worshipped Xom.
You were a favourite toy of Xom.
You were hungry.

You visited 2 branches of the dungeon, and saw 19 of its levels.
You also visited: Ice Cave.

You collected 1461 gold pieces.
You spent 420 gold pieces at shops.

Inventory:

Hand Weapons
 L - a +0 battleaxe (weapon)
Armour
 n - a +0 cloak (worn)
 p - a +0 plate armour (worn)
Jewellery
 g - an uncursed ring of wizardry
 l - an uncursed amulet of faith
 o - an uncursed amulet of magic regeneration
 t - a ring of poison resistance (left hand)
 y - an uncursed ring of resist corrosion
 B - a +4 amulet of reflection (around neck)
 H - an uncursed ring of positive energy
 M - a ring of positive energy (right hand)
 N - an uncursed ring of see invisible
Wands
 e - a wand of iceblast (6)
 k - a wand of flame (47)
 s - a wand of enslavement (10)
 w - a wand of random effects (76)
 P - a wand of polymorph (16)
Scrolls
 f - 5 scrolls of remove curse
 j - 2 scrolls of teleportation
 q - a scroll of brand weapon {unknown}
 u - 2 scrolls of enchant armour
 v - a scroll of blinking
 x - 4 scrolls of enchant weapon
 A - 3 scrolls of amnesia
 C - 3 scrolls of magic mapping
 D - a scroll of vulnerability
 E - a scroll of silence {unknown}
 F - a scroll of summoning
 K - a scroll of torment
 O - 2 scrolls of fog
Potions
 i - a potion of agility
 m - 2 potions of mutation
 r - 5 potions of brilliance
 G - a potion of heal wounds
Books
 a - a book of Cantrips

   Spells                             Type                      Level
   a - Confusing Touch                Hexes                        1
   b - Animate Skeleton               Necromancy                   1
   c - Summon Small Mammal            Summoning                    1
   d - Apportation                    Translocation                1
 h - a book of Minor Magic

   Spells                             Type                      Level
   a - Magic Dart                     Conjuration                  1
   b - Blink                          Translocation                2
   c - Call Imp                       Summoning                    2
   d - Slow                           Hexes                        2
   e - Conjure Flame                  Conjuration/Fire             3
   f - Mephitic Cloud                 Conjuration/Poison/Air       3
Comestibles
 b - 17 chunks of flesh
 c - 30 rations


   Skills:
 + Level 13.4 Fighting
 + Level 13.0 Axes
 + Level 12.8 Armour
 - Level 7.1 Dodging
 - Level 5.0 Stealth
 - Level 6.0 Evocations


You had 14 spell levels left.
You didn't know any spells.

Dungeon Overview and Level Annotations

Branches:
Dungeon (13/15)            Temple (0/1) D:4            Lair (6/6) D:10
 Shoals (0/4) Lair:3       Spider (0/4) Lair:4        Slime (0/5) Lair:5
    Orc (0/2) D:11         Vaults (0/5) D:13

Altars:
Elyvilon
Vehumet
Xom
Beogh

Shops:
D:5 !

Annotations:
D:5 exclusion: downstairs
D:9 exclusion: 2 downstairs
Lair:4 exclusion: 2 downstairs
Lair:5 exclusion: downstairs
Lair:6 exclusion: 3 oklob plants


Innate Abilities, Weirdness & Mutations

You have a pair of large horns on your head.
You are completely covered in rugged brown scales. (AC +3, +7% HP)
You are slightly more attuned to the shadows.
You have hoof-like feet.
You have supernaturally acute eyesight. (SInv)
You possess an exceptional clarity of mind.
Your mind is acute. (Int +2)
You have an increased reservoir of magic. (+10% MP)
Your natural rate of healing is unusually fast.
You are covered in thick fur. (AC +2)
Your muscles are strong. (Str +2)


Message History

The vault guard hits you with a great mace!
The wizard says, "Argatax netranoch dertex."
You closely miss the vault guard. Your kick misses the vault guard.
The vault guard is almost dead.
The vault guard barely misses you.
You slash the vault guard!
You kill the vault guard! "There, this looks better."
The wizard gestures at you while chanting.
The bolt of cold hits you!
* * * LOW HITPOINT WARNING * * *
The wizard closely misses you.
Evoke which item? (* to show all) (? for menu, Esc to quit)
Okay, then.
Okay, then.
You feel much better.
The wizard points at you and mumbles some strange words.
The crystal spear hits you!
You die...
Xom guffaws!

#######..# #(# ##.##
#)%.$[#.....#..# #.# #...#
#:...%#.....'..# #.###.#.# #
#..∩..#..⌠..÷._# #.#...#...#
#.....#.....p..# ##...#####.#
#..:..#..†..#p## ##....).#...#
∆##'''###'''##p####.###.#.#.###
#.....#.[†..#p##...# #.#.....#
#.....'.....#@##.#.###.##.####
#..⌠..'..⌠..#.##.##..........#
#.....')....#.##.#####.##.####
#.(..)#)..(.#......<##.##.##.#
#############.#####.##.#....##
.........# #....h...###
######.############....#. #.#
#.............h# #.#
#.#############.


You could see a wizard and 3 humans.

Vanquished Creatures
  A spark wasp (shapeshifter) (Lair:4)
  The ghost of Mirai the Severer, a journeyman HOFi of Makhleb (D:10)
  2 vault guards (D:13)
  2 hydras
  A catoblepas (Lair:5)
  2 two-headed ogres
  3 death yaks (Lair:5)
  Nergalle (D:11)
  An unseen horror (D:13)
  3 wizards (D:13)
  Pikel (D:4)
  A mana viper (Lair:5)
  4 ugly things
  2 cyclopes (D:11)
  2 manticores (D:13)
  4 black mambas
  8 elephants (Lair:5)
  9 spiny frogs
  The ghost of
  1994 the Ducker, a novice MfTm (D:5)
  6 rime drakes
  6 komodo dragons
  2 trolls
  A meliai (D:8)
  3 hornets
  A wind drake (D:13)
  19 hippogriffs
  A dream sheep (D:13)
  15 blink frogs
  3 meliai zombies
  A shadow (D:12)
  10 wyverns
  A redback (Lair:4)
  35 yaks
  A vampire (D:12)
  3 hungry ghosts
  14 humans (D:13)
  5 basilisks
  2 vampire mosquitoes (D:12)
  14 insubstantial wisps (D:13)
  A soldier ant (shapeshifter) (Lair:5)
  10 water moccasins
  8 porcupines
  A hell hound (Lair:5)
  8 orc warriors
  3 black bears
  9 ice beasts
  3 phantoms
  3 sky beasts
  A necrophage (D:13)
  5 ogres
  6 wolves
  5 centaurs
  13 crocodiles
  A big kobold (shapeshifter) (D:12)
  3 big kobolds (D:13)
  8 bullfrogs
  2 wyvern skeletons
  A scorpion (shapeshifter) (D:4)
  6 scorpions
  10 killer bees
  4 wights
  4 howler monkeys
  2 electric eels (Lair:4)
  3 bullfrog zombies
  A centaur zombie (D:9)
  4 crimson imps
  2 jellies
  3 quasits
  9 orc priests
  Crazy Yiuf (D:4)
  2 centaur skeletons
  4 bullfrog skeletons
  6 hounds
  5 orc wizards
  4 iguanas
  Natasha (twice) (D:4)
  6 worker ants
  4 hound skeletons
  Robin (D:2)
  A howler monkey zombie (D:10)
  2 worker ant zombies (D:6)
  2 howler monkey skeletons (D:4)
  2 gnolls
  12 adders
  3 shadow imps
  4 adder skeletons
  2 worms
  3 leopard geckos
  53 orcs
  A ball python (shapeshifter) (D:1)
  9 bats
  4 giant cockroaches
  15 goblins
  9 hobgoblins
  4 jackals
  5 quokkas
  3 ball pythons
  7 frilled lizards
  11 kobolds
  2 quokka skeletons
  A quokka zombie (D:5)
  3 rats
  5 fungi (Lair:5)
  A plant (Lair:2)
530 creatures vanquished.

Vanquished Creatures (collateral kills)
  A two-headed ogre (D:10)
  A centaur skeleton (D:10)
  A hippogriff (D:10)
  An eye of draining (D:10)
  A sky beast (D:4)
  A centaur (D:9)
  A killer bee (D:9)
  3 wights (D:10)
10 creatures vanquished.

Vanquished Creatures (others)
  A slave (D:4)
  An adder (D:4)
  An adder skeleton (D:4)
  A worm (D:3)
  7 ball lightnings (D:13)
  4 bushes
  22 fungi
  34 plants
71 creatures vanquished.

Grand Total: 611 creatures vanquished

Notes
Turn   | Place    | Note
-------+----------+-------------------------------------------
     0 | D:1      | grindst0ne the Demonspawn Chaos Knight began the quest for the Orb.
     0 | D:1      | Reached XP level 1. HP: 18/18 MP: 1/1
   198 | D:1      | XOM: divination: detect creatures
   224 | D:1      | XOM: harmless Pois miscast
   274 | D:1      | Gained mutation: You have a pair of small horns on your head. [demonic ancestry]
   274 | D:1      | Reached XP level 2. HP: 23/24 MP: 2/2
   367 | D:1      | XOM: divination: detect creatures
   604 | D:1      | XOM: give mutations
   604 | D:1      | Gained mutation: You have a pair of horns on your head. [Xom's grace]
   604 | D:1      | Gained mutation: You have a pair of large horns on your head. [Xom's grace]
  1063 | D:2      | Reached XP level 3. HP: 25/30 MP: 3/3
  1236 | D:2      | Noticed Robin
  1255 | D:2      | Killed Robin
  1255 | D:2      | Gained mutation: You are slightly more attuned to the shadows. [demonic ancestry]
  1255 | D:2      | Reached XP level 4. HP: 17/38 MP: 4/4
  1256 | D:2      | XOM: enchant monster (bad)
  1369 | D:2      | Reached skill level 5 in Fighting
  1671 | D:3      | Reached skill level 1 in Stealth
  1977 | D:3      | Reached XP level 5. HP: 42/44 MP: 5/5
  1981 | D:3      | XOM: butterfly on damage
  2195 | D:4      | Noticed a sky beast
  2198 | D:4      | XOM: cast spell 'Statue Form'
  2210 | D:4      | XOM: summons 5 friendly demons
  2212 | D:4      | Killed a sky beast
  2222 | D:4      | XOM: divination: detect items
  2262 | D:4      | Noticed a slave
  2263 | D:4      | Noticed Pikel
  2270 | D:4      | Noticed a slave
  2272 | D:4      | Noticed a slave
  2272 | D:4      | Noticed a slave
  2285 | D:4      | XOM: enchant monster (good)
  2297 | D:4      | Killed Pikel
  2297 | D:4      | Reached XP level 6. HP: 19/53 MP: 6/6
  2297 | D:4      | Gained mutation: You are partially covered in rugged brown scales. (AC +1, +3% HP) [demonic ancestry]
  2297 | D:4      | Reached XP level 7. HP: 19/60 MP: 7/7
  2299 | D:4      | XOM: cast spell 'Monstrous Menagerie'
  2509 | D:4      | Found a staircase to the Ecumenical Temple.
  2556 | D:4      | Noticed Natasha
  2562 | D:4      | Killed Natasha
  2577 | D:4      | XOM: confuse monster(s)
  2593 | D:4      | XOM: enchant monster (good)
  2649 | D:4      | Reached skill level 5 in Stealth
  2670 | D:4      | Noticed Natasha
  2678 | D:4      | Killed Natasha
  2689 | D:4      | Noticed Natasha
  2690 | D:4      | XOM: summons 3 hostile demons
  2891 | D:3      | XOM: harmless Pois miscast
  3013 | D:4      | XOM: medium Tloc miscast
  3043 | D:4      | Natasha changed into Natasha the scorpion
  3043 | D:4      | XOM: polymorph Natasha -> Natasha the scorpion
  3050 | D:4      | XOM: destruction
  3066 | D:4      | XOM: give mutations
  3066 | D:4      | Gained mutation: You evolve. [Xom's grace]
  3066 | D:4      | Gained mutation: You are agile. (Dex +2) [Xom's grace]
  3066 | D:4      | Gained mutation: You possess an exceptional clarity of mind. [Xom's grace]
  3066 | D:4      | Gained mutation: You are robust. (+10% HP) [Xom's grace]
  3103 | D:4      | XOM: give mutation
  3103 | D:4      | Gained mutation: You are covered in fur. (AC +1) [Xom's grace]
  3311 | D:4      | Found a runed door.
  3400 | D:4      | Noticed Crazy Yiuf
  3404 | D:4      | Killed Crazy Yiuf
  3474 | D:5      | Entered Level 5 of the Dungeon
  3548 | D:5      | Noticed 1994's ghost (novice MfTm)
  3574 | D:4      | Gained mutation: You are mostly covered in rugged brown scales. (AC +2, +5% HP) [demonic ancestry]
  3574 | D:4      | Reached XP level 8. HP: 45/77 MP: 8/8
  3724 | D:5      | XOM: god gift: runed buckler {god gift}
  3734 | D:5      | XOM: 2-stop teleportation journey
  3976 | D:5      | Found a white marble altar of Elyvilon.
  4011 | D:5      | Found Cadwaur's Distillery.
  4026 | D:5      | XOM: confuse monster(s)
  4034 | D:5      | Killed 1994's ghost
  4066 | D:5      | Bought a potion of heal wounds for 75 gold pieces
  4066 | D:5      | Bought a potion of curing for 45 gold pieces
  4294 | D:5      | XOM: give mutations
  4294 | D:5      | Gained mutation: You have supernaturally acute eyesight. (SInv) [Xom's grace]
  4294 | D:5      | Gained mutation: You are very agile. (Dex +4) [Xom's grace]
  4619 | D:6      | XOM: smoke on damage
  4655 | D:6      | XOM: medium Tloc miscast
  4665 | D:6      | XOM: polymorph worker ant -> hound
  4965 | D:6      | Found a radiant altar of Vehumet.
  4973 | D:6      | XOM: confuse monster(s)
  5035 | D:6      | XOM: enchant monster (bad)
  5078 | D:6      | XOM: mild Conj miscast
  5084 | D:6      | XOM: give mutations
  5084 | D:6      | Lost mutation: You have a pair of large horns on your head. [Xom's mischief]
  5084 | D:6      | Gained mutation: You are dopey. (Int -2) [Xom's mischief]
  5112 | D:6      | Reached skill level 5 in Axes
  5164 | D:6      | Reached skill level 1 in Evocations
  5180 | D:6      | Reached XP level 9. HP: 53/86 MP: 9/9
  5201 | D:6      | XOM: god gift: 21 stones
  5332 | D:6      | XOM: medium Conj miscast
  5459 | D:6      | XOM: harmless Summ miscast
  5554 | D:7      | Reached skill level 5 in Armour
  5559 | D:7      | XOM: scenery: 2 doors open
  5589 | D:7      | XOM: god gift: 11 arrows
  5820 | D:7      | Lost mutation: You are robust. (+10% HP) [evolution]
  5944 | D:7      | XOM: 1-stop teleportation journey
  5975 | D:7      | XOM: potion effect (haste)
  6270 | D:7      | XOM: god gift: scroll of fear
  6276 | D:7      | XOM: polymorph jelly -> gnoll
  6304 | D:7      | XOM: cloud trail
  6513 | D:8      | Found the -2 hat of the Alchemist {rElec rPois rF+ rC+ rN+ MR+ rMut rCorr}
  6527 | D:8      | Got a warped whip
  6579 | D:8      | Noticed a two-headed ogre
  6584 | D:8      | Killed a two-headed ogre
  6643 | D:8      | Reached XP level 10. HP: 71/87 MP: 13/13
  6659 | D:8      | Lost mutation: You are dopey. (Int -2) [evolution]
  7078 | D:8      | XOM: cleaving
  7103 | D:8      | XOM: polymorph queen bee -> meliai
  7263 | D:8      | XOM: mild Tloc miscast
  7411 | D:8      | XOM: give mutation
  7411 | D:8      | Gained mutation: Your natural rate of healing is unusually fast. [Xom's grace]
  7621 | D:9      | XOM: mild Hex miscast
  7631 | D:9      | XOM: polymorph bullfrog -> centaur
  7656 | D:9      | XOM: summons 3 friendly demons
  7830 | D:9      | Reached skill level 5 in Evocations
  7850 | D:9      | XOM: harmless Tloc miscast
  7973 | D:9      | Reached skill level 10 in Fighting
  8137 | D:9      | XOM: cast spell 'Death Channel'
  8298 | D:9      | XOM: summons friendly iron imp
  8415 | D:10     | Entered Level 10 of the Dungeon
  8419 | D:10     | Noticed Mirai's ghost (journeyman HOFi)
  8495 | D:9      | XOM: 7-stop teleportation journey
  8573 | D:9      | XOM: confuse monster(s)
  8704 | D:10     | XOM: 4-stop teleportation journey
  8712 | D:10     | XOM: summons 5 friendly demons
  8774 | D:10     | XOM: cast spell 'Chain of Chaos'
  8867 | D:10     | XOM: destruction
  8878 | D:10     | XOM: divine lightning
  8879 | D:10     | XOM: divine lightning
  8889 | D:10     | Killed Mirai's ghost
  8990 | D:9      | XOM: god gift: potion of brilliance
  9067 | D:10     | Reached XP level 11. HP: 89/96 MP: 15/15
  9076 | D:10     | XOM: cast spell 'Metabolic Englaciation'
  9085 | D:10     | Gained mutation: You have large cloven feet. [evolution]
  9085 | D:10     | Lost mutation: You evolve. [end of evolution]
  9091 | D:10     | XOM: scenery: create altars
  9237 | D:10     | XOM: fog
  9239 | D:10     | Paralysed by a hornet for 3 turns
  9485 | D:10     | HP: 3/96 [ogre/giant club (20)]
  9496 | D:9      | HP: 4/96 [ogre/giant club (14)]
  9570 | D:9      | XOM: give mutation
  9570 | D:9      | Gained mutation: Your body sometimes deteriorates upon taking damage. [Xom's mischief]
  9707 | D:10     | Noticed a two-headed ogre
  9712 | D:10     | XOM: enchant monster (good)
  9812 | D:10     | XOM: summons 7 friendly demons
  9831 | D:10     | XOM: potion effect (brilliance)
  9884 | D:9      | XOM: give mutations
  9884 | D:9      | Gained mutation: You are weak. (Str -2) [Xom's mischief]
  9884 | D:9      | Lost mutation: You are weak. (Str -2) [Xom's mischief]
  9884 | D:9      | Lost mutation: You possess an exceptional clarity of mind. [Xom's mischief]
  9908 | D:9      | XOM: medium Pois miscast
  9916 | D:9      | XOM: polymorph yak -> komodo dragon
  9925 | D:9      | XOM: blink monster(s)
  9934 | D:9      | XOM: summons 3 hostile shadow creatures
  9989 | D:9      | XOM: give mutations
  9989 | D:9      | Lost mutation: You are very agile. (Dex +4) [Xom's mischief]
  9989 | D:9      | Gained mutation: You are dopey. (Int -2) [Xom's mischief]
  9989 | D:9      | Lost mutation: You have supernaturally acute eyesight. (SInv) [Xom's mischief]
  9989 | D:9      | Gained mutation: Scrolls take you a little longer to read. [Xom's mischief]
  9989 | D:9      | Gained mutation: You are weak. (Str -2) [Xom's mischief]
 10340 | D:5      | Bought 2 potions of agility for 120 gold pieces
 10340 | D:5      | Bought a potion of might for 60 gold pieces
 10340 | D:5      | Bought a potion of heal wounds for 75 gold pieces
 10340 | D:5      | Bought a potion of curing for 45 gold pieces
 10502 | D:10     | XOM: cast spell 'Olgreb's Toxic Radiance'
 10531 | D:10     | XOM: cast spell 'Summon Small Mammal'
 10534 | D:10     | XOM: summons 10 friendly demons
 10541 | D:10     | Killed a two-headed ogre
 10574 | D:10     | Found a staircase to the Lair.
 10636 | D:10     | XOM: cloud trail
 10701 | Lair:1   | Entered Level 1 of the Lair of Beasts
 10753 | Lair:1   | XOM: give mutations
 10753 | Lair:1   | Gained mutation: You have a pair of large horns on your head. [Xom's grace]
 10753 | Lair:1   | Gained mutation: You have an increased reservoir of magic. (+10% MP) [Xom's grace]
 10753 | Lair:1   | Gained mutation: You are covered in thick fur. (AC +2) [Xom's grace]
 10753 | Lair:1   | Gained mutation: You have hoof-like feet. [Xom's grace]
 10824 | Lair:1   | XOM: 3-stop teleportation journey
 11137 | Lair:1   | XOM: blink monster(s)
 11140 | Lair:1   | XOM: give mutations
 11140 | Lair:1   | Lost mutation: You are dopey. (Int -2) [Xom's mischief]
 11140 | Lair:1   | Lost mutation: Your body sometimes deteriorates upon taking damage. [Xom's mischief]
 11223 | Lair:1   | XOM: confusion
 11226 | Lair:1   | XOM: enchant monster (good)
 11235 | Lair:1   | XOM: swap monsters
 11353 | Lair:1   | XOM: summons 2 friendly demons
 11357 | Lair:1   | XOM: polymorph spiny frog -> black bear
 12314 | Lair:2   | XOM: confusion (+ monsters)
 12366 | Lair:2   | Gained mutation: You are completely covered in rugged brown scales. (AC +3, +7% HP) [demonic ancestry]
 12366 | Lair:2   | Reached XP level 12. HP: 48/109 MP: 18/18
 12566 | Lair:2   | XOM: fake destruction
 12598 | Lair:2   | Reached skill level 1 in Dodging
 12833 | Lair:2   | XOM: give mutations
 12833 | Lair:2   | Gained mutation: Your flesh is heat resistant. (rF+) [Xom's grace]
 12833 | Lair:2   | Lost mutation: Scrolls take you a little longer to read. [Xom's grace]
 12833 | Lair:2   | Gained mutation: You have supernaturally acute eyesight. (SInv) [Xom's grace]
 12833 | Lair:2   | Gained mutation: You possess an exceptional clarity of mind. [Xom's grace]
 12833 | Lair:2   | Gained mutation: You have a considerably increased reservoir of magic. (+20% MP) [Xom's grace]
 13017 | Lair:2   | XOM: medium Necr miscast
 13102 | Lair:3   | XOM: medium Hex miscast
 13137 | Lair:3   | XOM: confuse monster(s)
 13221 | Lair:3   | XOM: summons friendly shadow imp
 13280 | Lair:3   | XOM: blink monster(s)
 13287 | Lair:2   | XOM: summons 2 hostile demons
 13295 | Lair:3   | XOM: enchant monster (bad)
 13298 | Lair:3   | Reached skill level 10 in Axes
 13394 | Lair:3   | XOM: harmless Pois miscast
 13472 | Lair:3   | XOM: cast spell 'Disjunction'
 13479 | Lair:3   | XOM: divination: detect items
 13511 | Lair:3   | XOM: harmless Fire miscast
 13565 | Lair:3   | Found a staircase to the Shoals.
 13797 | Lair:3   | XOM: smoke on damage
 13801 | Lair:3   | Reached skill level 10 in Armour
 14041 | Lair:4   | Noticed a five-headed hydra
 14041 | Lair:4   | Noticed an ice dragon
 14041 | Lair:4   | a five-headed hydra changed into an ice dragon
 14041 | Lair:4   | XOM: polymorph five-headed hydra -> ice dragon
 14042 | Lair:4   | Noticed a spark wasp
 14042 | Lair:4   | an ice dragon changed into a spark wasp
 14043 | Lair:4   | XOM: cast spell 'Necromutation'
 14049 | Lair:4   | XOM: cloud trail
 14097 | Lair:4   | XOM: swap monsters
 14165 | Lair:4   | Found a hole to the Spider Nest.
 14221 | Lair:4   | XOM: 4-stop teleportation journey
 14222 | Lair:4   | Noticed a minotaur
 14224 | Lair:4   | XOM: enchant monster (bad)
 14388 | Lair:4   | XOM: medium Hex miscast
 14535 | Lair:4   | XOM: smoke on damage
 14886 | Lair:4   | Noticed a spark wasp
 14891 | Lair:4   | XOM: give mutations
 14891 | Lair:4   | Lost mutation: You are weak. (Str -2) [Xom's mischief]
 14891 | Lair:4   | Lost mutation: Your flesh is heat resistant. (rF+) [Xom's mischief]
 14896 | Lair:4   | Killed a spark wasp
 14896 | Lair:4   | Reached skill level 5 in Dodging
 15035 | Lair:4   | XOM: harmless Tloc miscast
 15274 | Lair:5   | XOM: noise
 15310 | Lair:5   | Noticed a four-headed hydra
 15314 | Lair:5   | Killed a four-headed hydra
 15314 | Lair:5   | Reached XP level 13. HP: 100/115 MP: 21/21
 15325 | Lair:5   | XOM: scenery: create altars
 15334 | Lair:5   | Found a frozen archway.
 15342 | IceCv    | Entered an ice cave
 15352 | IceCv    | XOM: enchant monster (bad)
 15354 | IceCv    | Found a transporter.
 15539 | IceCv    | XOM: butterfly on damage
 15724 | Lair:5   | XOM: god gift: 6 rations
 15835 | Lair:5   | XOM: harmless Hex miscast
 15923 | Lair:5   | XOM: 2-stop teleportation journey
 15944 | Lair:5   | XOM: 7-stop teleportation journey
 15952 | Lair:5   | XOM: summons 6 hostile demons
 16017 | Lair:4   | XOM: harmless Summ miscast
 16076 | Lair:5   | XOM: summons 6 hostile demons
 16140 | Lair:5   | XOM: summons friendly ufetubus
 16150 | Lair:5   | XOM: scenery: create altars
 16254 | Lair:5   | XOM: smoke on damage
 16256 | Lair:5   | XOM: smoke on damage
 16324 | Lair:5   | XOM: give mutations
 16324 | Lair:5   | Lost mutation: You are agile. (Dex +2) [Xom's mischief]
 16324 | Lair:5   | Lost mutation: You have a considerably increased reservoir of magic. (+20% MP) [Xom's mischief]
 16336 | Lair:5   | XOM: mild Tloc miscast
 16349 | Lair:5   | XOM: blink monster(s)
 16358 | Lair:5   | XOM: polymorph basilisk -> meliai
 16377 | Lair:5   | XOM: 4-stop teleportation journey
 16399 | Lair:5   | XOM: divine lightning
 16453 | Lair:5   | XOM: enchant monster (good)
 16674 | Lair:5   | XOM: enchant monster (bad)
 16684 | Lair:5   | XOM: noise
 16695 | Lair:5   | XOM: polymorph elephant -> mana viper
 16875 | Lair:5   | XOM: mild Pois miscast
 16942 | Lair:5   | Found a staircase to the Slime Pits.
 17002 | Lair:5   | XOM: mild Summ miscast
 17406 | Lair:6   | Entered Level 6 of the Lair of Beasts
 17472 | Lair:6   | XOM: blink monster(s)
 17480 | Lair:5   | XOM: smoke on damage
 17487 | Lair:5   | XOM: polymorph spiny frog -> salamander
 17766 | Lair:6   | XOM: potion effect (agility)
 17910 | Lair:6   | XOM: divination: detect items
 17911 | Lair:6   | HP: 4/115 [lindwurm/blast of flame (34)]
 18012 | Lair:5   | XOM: mild Chrm miscast
 18023 | Lair:5   | XOM: cloud trail
 18271 | D:11     | Noticed Nergalle
 18275 | D:11     | XOM: potion effect (might)
 18281 | D:11     | Killed Nergalle
 18292 | D:11     | XOM: silly message
 18349 | D:11     | XOM: divination: detect items
 18358 | D:11     | Found a staircase to the Orcish Mines.
 18381 | D:11     | Found a roughly hewn altar of Beogh.
 18673 | D:11     | XOM: harmless Ice miscast
 18809 | D:11     | XOM: scenery: create altars
 19124 | D:12     | XOM: divination: detect creatures
 19205 | D:12     | XOM: divination: magic mapping
 19392 | D:12     | XOM: mild Hex miscast
 19437 | D:12     | XOM: mild Necr miscast
 20082 | D:13     | Mutation became permanent: You have a pair of horns on your head. [demonic ancestry]
 20082 | D:13     | Gained mutation: You have a pair of large horns on your head. [demonic ancestry]
 20082 | D:13     | Reached XP level 14. HP: 124/124 MP: 20/20
 20179 | D:13     | XOM: enchant monster (bad)
 20180 | D:13     | XOM: potion effect (agility)
 20203 | D:13     | XOM: divination: magic mapping
 20387 | D:13     | XOM: summons friendly ufetubus
 20531 | D:13     | XOM: scenery: create altars
 20622 | D:13     | XOM: 5-stop teleportation journey
 20684 | D:13     | XOM: 6-stop teleportation journey
 20763 | D:13     | XOM: give mutations
 20763 | D:13     | Gained mutation: Your mind is acute. (Int +2) [Xom's grace]
 20763 | D:13     | Gained mutation: Your muscles are strong. (Str +2) [Xom's grace]
 20786 | D:13     | XOM: potion effect (experience)
 20786 | D:13     | Reached XP level 15. HP: 132/132 MP: 21/21
 20797 | D:13     | XOM: cast spell 'Necromutation'
 20828 | D:13     | XOM: cleaving
 20899 | D:13     | XOM: mild Chrm miscast
 20903 | D:13     | Found a gate to the Vaults.
 20906 | D:13     | XOM: divination: detect items
 20936 | D:13     | XOM: cleaving
 20939 | D:13     | XOM: divination: detect creatures
 20941 | D:13     | XOM: scenery: create altars
 20942 | D:13     | Killed from afar by a wizard

Skill      XL: |  1  2  3  4  5  6  7  8  9 10 11 12 13 14 15 |
---------------+----------------------------------------------+-----
Fighting       | 4 5 6 7 8 9 10 11 12 13 | 13.4
Stealth        | 1 4 5 |  5.0
Armour         | 2 4 6 7 9 10 12 | 12.8
Axes           | 3 5 6 7 9 10 12 13 | 13.0
Evocations     | 1 4 6 |  6.0
Dodging        | 5 7 |  7.1

Action                   |  1- 3 |  4- 6 |  7- 9 | 10-12 | 13-15 || total
-------------------------+-------+-------+-------+-------+-------++-------
Melee: Hand axe          |    85 |   140 |   326 |   268 |       ||   819
       Headbutt          |     7 |    18 |    69 |   175 |   112 ||   381
       Battleaxe         |       |       |       |   599 |   644 ||  1243
       Kick              |       |       |       |   186 |   215 ||   401
Throw: Throwing net      |       |       |       |     1 |     1 ||     2
Evoke: Wand              |       |       |    13 |    56 |    33 ||   102
  Use: Scroll            |       |     8 |     9 |    12 |     9 ||    38
       Potion            |       |     6 |     4 |    11 |     6 ||    27
 Stab: Paralysed         |     1 |       |     7 |       |       ||     8
       Sleeping          |       |     9 |     2 |       |       ||    11
       Confused          |       |     1 |     1 |     3 |       ||     5
       Petrifying        |       |       |     3 |     3 |       ||     6
       Petrified         |       |       |     1 |     2 |       ||     3
       Distracted        |       |       |       |     3 |       ||     3
       Invisible         |       |       |       |     2 |     7 ||     9
  Eat: Chunk             |     1 |     3 |    13 |    25 |    17 ||    59
       Ration            |       |       |     1 |     4 |     1 ||     6
Armor: Leather armour    |    48 |    40 |    29 |       |       ||   117
       Skin              |       |    18 |       |       |       ||    18
       Chain mail        |       |       |   196 |   697 |   446 ||  1339
       Plate armour      |       |       |       |       |    42 ||    42
Dodge: Dodged            |    49 |    88 |   151 |   399 |   434 ||  1121
Block: Other             |       |       |       |    86 |   137 ||   223
       Reflection        |       |       |       |       |     4 ||     4
